 Dungeon Crawl Stone Soup version 0.32-a0-931-g5a2cda0630 (webtiles) character file.

Game seed: 17325274140519013094

360485 Ajdolov the Warrior (level 21, -19/177 HPs)
             Began as a Mummy Ice Elementalist on Apr 13, 2024.
             Was the Champion of Vehumet.
             Killed from afar by a hellion (31 damage)
             ... with damnation
             ... on level 2 of the Depths.
             The game lasted 02:23:14 (65975 turns).

Ajdolov the Warrior (Mummy Ice Elementalist)       Turns: 65975, Time: 02:23:14

Health: -19/177    AC: 20    Str: 24    XL:     21   Next: 48%
Magic:  20/43      EV:  9    Int: 32    God:    Vehumet [******]
Gold:   1239       SH:  7    Dex:  9    Spells: 15/56 levels left

rFire   + + +        b - staff of cold
rCold   + + +        U - +2 buckler
rNeg    + + +        M - +4 scale mail "Qur Cog" {rF++ Str+6}
rPois   ∞            j - +1 hat {Stlth+}
rElec   .            q - scarf {rC+ rF+}
rCorr   .            R - +1 pair of gloves
SInv    .            F - +1 pair of boots of Disappointment {rC+ Str-2 Int+9 Dex-4}
Will    +++..        C - amulet "Woreotzima" {Regen+ Str+7}
Stlth   +            S - ring of protection from fire
HPRegen 1.29/turn    K - ring of willpower
MPRegen 0.28/turn

%: faith
@: about to teleport, very slightly contaminated
A: cold resistance 1, negative energy resistance 3, torment resistance 2, heat
vulnerability 1, in touch with death 2, no potions, faith
}: 2/15 runes: serpentine, barnacled
a: Renounce Religion


You were on level 2 of the Depths.
You worshipped Vehumet.
Vehumet was exalted by your worship.
You visited 7 branches of the dungeon, and saw 36 of its levels.
You also visited: Gauntlet and Ice Cave.

You collected 3540 gold pieces.
You spent 2301 gold pieces at shops.

Inventory:

Hand Weapons
 D - a +2 broad axe
Missiles
 c - 8 curare-tipped darts
 n - 6 throwing nets
Armour
 a - a +2 cloak of willpower
 j - a +1 hat of stealth (worn)
 q - a scarf of resistance (worn)
 F - the +1 pair of boots of Disappointment (worn) {rC+ Str-2 Int+9 Dex-4}
   (You bought it in a shop on level 2 of the Orcish Mines)

   Str-2:     It affects your strength (-2).
   Int+9:     It affects your intelligence (+9).
   Dex-4:     It affects your dexterity (-4).
   rC+:       It protects you from cold.
 M - the +4 scale mail "Qur Cog" (worn) {rF++ Str+6}
   (You found it on level 1 of the Shoals)

   Str+6:     It affects your strength (+6).
   rF++:      It greatly protects you from fire.
 R - a +1 pair of gloves (worn)
 U - a +2 buckler (worn)
Magical Staves
 b - a staff of cold (weapon)
 g - a staff of fire
Jewellery
 C - the amulet "Woreotzima" (around neck) {Regen+ Str+7}
   (You found it in a Gauntlet)

   [amulet of regeneration]

   Str+7:     It affects your strength (+7).
   Regen+:    It increases your rate of health regeneration.
 G - a ring of protection from cold
 H - a ring of flight
 K - a ring of willpower (right hand)
 Q - a ring of see invisible
 S - a ring of protection from fire (left hand)
 T - the ring of Xeileef {rN+ Will++ Int-4 Dex+3 SInv}
   (You found it on level 3 of the Vaults)

   [ring of positive energy]

   Int-4:     It affects your intelligence (-4).
   Dex+3:     It affects your dexterity (+3).
   rN+:       It protects you from negative energy.
   Will++:    It greatly increases your willpower.
   SInv:      It lets you see invisible.
Wands
 d - a wand of polymorph (5)
 e - a wand of mindburst (4)
 i - a wand of flame (18)
 r - a wand of charming (27)
 x - a wand of quicksilver (7)
 A - a wand of roots (10)
 I - a wand of digging (21)
Scrolls
 f - 8 scrolls of revelation
 h - 12 scrolls of teleportation
 k - a scroll of brand weapon
 l - 7 scrolls of immolation
 o - 6 scrolls of vulnerability
 p - 3 scrolls of noise
 s - 3 scrolls of torment
 t - 5 scrolls of amnesia
 u - 4 scrolls of fear
 v - 4 scrolls of fog
 y - 3 scrolls of silence
 z - 4 scrolls of poison
 B - 5 scrolls of enchant weapon
 O - 2 scrolls of enchant armour
 P - a scroll of blinking
Miscellaneous
 E - a lightning rod (3/4)
 L - a Gell's gravitambourine (1/2)
 N - a condenser vane


   Skills:
 - Level 18.0 Fighting
 - Level 15.0 Armour
 - Level 1.5 Dodging
 - Level 1.5 Stealth
 + Level 9.1 Shields
 - Level 18.0 Spellcasting
 - Level 5.0 Conjurations
 - Level 3.0 Translocations
 - Level 15.0 Ice Magic
 - Level 10.0 Earth Magic
 - Level 5.0 Alchemy
 + Level 14.1 Evocations


You had 15 spell levels left.
You knew the following spells:

 Your Spells              Type           Power      Damage    Failure   Level
a - Freeze                Ice            100%       1d10      0%          1
b - Frozen Ramparts       Ice            100%       1d16      0%          3
c - Ozocubu's Armour      Ice            100%       N/A       1%          3
d - Summon Ice Beast      Ice/Summ       86%        N/A       1%          3
e - Hailstorm             Conj/Ice       95%        3d15      1%          3
f - Ozocubu's Refrigerat  Ice            56%        4d19      1%          7
g - Blink                 Tloc           96%        N/A       1%          2
h - Irradiate             Conj/Alch      28%        3d21      2%          5
i - Permafrost Eruption   Ice/Erth       52%        2x4d12    1%          6
j - Lehudib's Crystal Sp  Conj/Erth      33%        10d9      88%         8

Your spell library contained the following spells:

 Spells                   Type           Power      Damage    Failure   Level
 Ignition                 Fire           14%        3d6       100%        8
 Maxwell's Capacitive Co  Air            14%        ∞         100%        8
 Fire Storm               Conj/Fire      22%        8d6       100%        9
 Apportation              Tloc           96%        N/A       1%          1
 Sandblast                Erth           100%       2d20      1%          1
 Shock                    Conj/Air       100%       1d9       1%          1
 Sting                    Conj/Alch      100%       1d9       1%          1
 Ensorcelled Hibernation  Hex/Ice        100%       N/A       1%          2
 Lesser Beckoning         Tloc           96%        N/A       1%          2
 Momentum Strike          Conj/Tloc      100%       3d10      1%          2
 Scorch                   Fire           56%        2d7       1%          2
 Static Discharge         Conj/Air       88%        3-7/arc   1%          2
 Passwall                 Erth           75%        N/A       1%          3
 Stone Arrow              Conj/Erth      100%       3d13      1%          3
 Volatile Blastmotes      Fire/Tloc      76%        2d16      1%          3
 Brom's Barrelling Bould  Conj/Erth      67%        2d8       1%          4
 Fulminant Prism          Conj/Alch      28%        3d13      1%          4
 Iskenderun's Mystic Bla  Conj/Tloc      53%        2d11      (+2d61%     4
 Leda's Liquefaction      Alch/Erth      33%        N/A       1%          4
 Olgreb's Toxic Radiance  Alch           57%        N/A       1%          4
 Petrify                  Alch/Erth      67%        N/A       1%          4
 Lee's Rapid Deconstruct  Erth           37%        3d19*     1%          5
 Necrotise                Necr           100%       1d9       2%          1
 Summon Small Mammal      Summ           100%       N/A       2%          1
 Teleport Other           Tloc           48%        N/A       2%          3
 Flame Wave               Conj/Fire      44%        2d11      2%          4
 Iskenderun's Battlesphe  Conj           57%        2d11      2%          5
 Animate Armour           Summ/Erth      100%       N/A       3%          4
 Metabolic Englaciation   Hex/Ice        43%        N/A       3%          5
 Call Imp                 Summ           56%        N/A       4%          2
 Jinxbite                 Hex            56%        N/A       4%          2
 Bombard                  Conj/Erth      33%        9d6       5%          6
 Airstrike                Air            14%        2d(2-18)  8%          4
 Arcjolt                  Conj/Air       22%        1d32      8%          5
 Fireball                 Conj/Fire      22%        3d10      8%          5
 Yara's Violent Unravell  Hex/Alch       22%        3d10      8%          5
 Call Canine Familiar     Summ           28%        N/A       9%          3
 Fugue of the Fallen      Necr           59%        N/A       9%          3
 Sigil of Binding         Hex            28%        N/A       9%          3
 Swiftness                Air            28%        N/A       9%          3
 Tukima's Dance           Hex            28%        N/A       9%          3
 Dimensional Bullseye     Hex/Tloc       19%        N/A       16%         4
 Vhi's Electric Charge    Tloc/Air       76%        N/A       16%         4
 Anguish                  Hex/Necr       29%        N/A       28%         4
 Cause Fear               Hex            14%        N/A       28%         4
 Summon Blazeheart Golem  Fire/Summ      28%        N/A       28%         4
 Summon Lightning Spire   Summ/Air       28%        N/A       28%         4
 Summon Forest            Summ/Tloc      19%        N/A       38%         5
 Summon Mana Viper        Hex/Summ       28%        N/A       61%         5
 Plasma Beam              Fire/Air       14%        2x1d25    69%         6
 Dispersal                Tloc           24%        N/A       77%         6
 Gell's Gavotte           Tloc           24%        2d(22-32) 77%         6
 Spellforged Servitor     Conj/Summ      22%        N/A       88%         7
 Summon Cactus Giant      Summ           14%        N/A       99%         6
 Enfeeble                 Hex            14%        N/A       100%        7
 Manifold Assault         Tloc           24%        N/A       100%        7
 Summon Hydra             Summ           14%        N/A       100%        7
 Discord                  Hex            14%        N/A       100%        8
 Sublimation of Blood     Necr           Unusable   N/A       N/A         2

Dungeon Overview and Level Annotations

Branches:
Dungeon (15/15)            Temple (0/1) D:7            Lair (5/5) D:8
 Shoals (4/4) Lair:2        Snake (4/4) Lair:3        Slime (0/5) Lair:4
    Orc (2/2) D:9             Elf (0/3) Orc:2        Vaults (4/5) D:13
  Crypt (0/3) Vaults:3     Depths (2/4) D:15          IceCv (visited)
Gauntlet (visited)

Altars:
Dithmenos
Makhleb
Uskayaw
Vehumet
Beogh
Jiyva

Shops:
D:4 !!(*   D:5 (   D:9 *!   D:14 (   Orc:2 *[:(:   Shoals:3 ?   Snake:1 !
Snake:4 =:=   Vaults:1 =

Portals:
Hell: Depths:1
Abyss: Depths:1
Ziggurat: Depths:1
Trove: D:15 (give +3 storm dragon scales)

Annotations:
D:3 1 runed translucent door, Crazy Yiuf
D:5 2 transporters
D:10 Snorg
Lair:3 exclusion: oklob plant
Snake:2 5 transporters
Vaults:4 3 runed translucent doors


Innate Abilities, Weirdness & Mutations

You are immune to poison.
Your flesh is cold resistant. (rC+)
You are immune to negative energy. (rN+++)
You are immune to unholy pain and torment.
You are vulnerable to heat. (rF-)
You are strongly in touch with the powers of death.
You do not drink.
You have a special connection with the divine. (Faith)


Message History

The hornet struggles to escape constriction.
The spriggan rider hits you from afar with a +0 spear.
* * * LOW HITPOINT WARNING * * *
As you read the scroll of teleportation, it crumbles to dust.
You feel strangely unstable.
The grasping roots constrict the hornet!
You grasping roots sink back into the ground.
The spriggan rider closely misses you.
Aiming: Thunderbolt
Press: ? - help, Shift-Dir - straight line, p - hornet The thunderbolt hits the spriggan rider!!
You kill the spriggan rider!
Vehumet accepts your kill.
You kill the hornet!
Vehumet accepts your kill.
You feel your power returning.
The thunderbolt hits the hornet!!
You kill the hornet!
Vehumet accepts your kill.
You feel your power returning.
The thunderbolt hits the spriggan defender!!!
You kill the spriggan defender!
Vehumet accepts your kill.
You feel your power returning.
As you read the scroll of teleportation, it crumbles to dust.
You feel strangely stable.
A hellion comes into view.
The hellion gives a hideous shriek!
The hellion gestures at you.
The sphere of damnation explodes!
The damnation engulfs you!!
* * * LOW HITPOINT WARNING * * *
As you read the scroll of teleportation, it crumbles to dust.
You feel strangely unstable. The hellion gestures at you.
The sphere of damnation explodes!
The damnation engulfs you!
* * * LOW HITPOINT WARNING * * *
Unknown command.
As you read the scroll of fog, it dissolves into smoke.
The hellion gestures at you.
The sphere of damnation explodes!
The damnation engulfs you!!
You die...

###########
.....§§§§§#
......§@§§#
2########§#
#)# #†# #)#
#)# #.# #i#
###### ##.#


You could see a hellion.

Vanquished Creatures
  An ancient lich (Depths:1)
  A dread lich (Vaults:3)
  Vashnia (Snake:3)
  Saint Roka (D:13)
  Jorgrun (Snake:3)
  2 liches
  4 sphinxes
  Agnes (D:14)
  Kirke (D:13)
  A tengu reaver (Vaults:2)
  4 nagarajas
  A frost giant (Depths:2)
  Ilsuiw (Shoals:3)
  A deep elf sorcerer (Vaults:1)
  2 fire giants
  Louise (D:15)
  A balrug (Depths:1)
  17 vault wardens
  An orc warlord (Orc:2)
  12 ironbound preservers
  A spriggan defender (Depths:2)
  2 formless jellyfish
  10 very ugly things
  4 stone giants
  5 ironbound thunderhulks
  3 spark wasps (Depths:1)
  Nessos (D:15)
  A deep elf demonologist (Vaults:1)
  A deep elf death mage (Vaults:3)
  A minotaur (Gauntlet)
  A deep elf annihilator (Vaults:1)
  18 dire elephants
  An ettin (Depths:1)
  3 war gargoyles
  An eidolon (Vaults:3)
  A blizzard demon (D:14)
  2 crystal guardians (Vaults:2)
  An entropy weaver (Vaults:3)
  A fire dragon (D:14)
  5 great orbs of eyes
  6 yaktaur captains
  5 merfolk javelineers (Shoals:4)
  10 merfolk impalers
  A merfolk avatar (Shoals:4)
  2 ogre magi
  5 hydras
  11 vault guards
  A rakshasa (Depths:2)
  3 ice dragons
  3 peacekeepers
  A spriggan air mage (Depths:1)
  A catoblepas (Lair:5)
  2 salamander tyrants (Snake:4)
  A ghost crab (Gauntlet)
  8 anacondas
  2 alligator snapping turtles
  4 merfolk aquamancers
  12 ironbound frosthearts
  14 centaur warriors
  4 boulder beetles
  10 two-headed ogres
  11 death yaks
  3 deep troll shamans
  2 satyrs
  2 deep troll earth magi (Depths:1)
  3 hell hogs (Depths:1)
  A sphinx skeleton (D:15)
  An occultist (Depths:2)
  15 naga sharpshooters
  2 soul eaters (Depths:1)
  4 orc high priests
  13 naga warriors
  13 hell knights
  6 shock serpents
  5 tengu warriors
  A vampire mage (D:15)
  2 sun demons (Depths:1)
  2 iron trolls
  3 skysharks
  3 flayed ghosts (Vaults:3)
  3 skeletal warriors (D:15)
  9 sea snakes
  11 mana vipers
  7 naga ritualists
  4 salamander mystics (Snake:4)
  44 deep trolls
  11 arcanists
  15 ironbound convokers
  A deep elf pyromancer (D:15)
  A spriggan simulacrum (D:14)
  11 lindwurms
  9 orc knights
  32 harpies
  7 necromancers
  2 phantasmal warriors (Vaults:3)
  A frost giant zombie (Depths:1)
  Pikel (D:8)
  Maurice (D:8)
  6 orc sorcerers
  A stone giant zombie (Depths:1)
  13 fauns
  21 ugly things
  13 manticores
  5 cyclopes
  9 merfolk sirens
  A fire giant skeleton (Depths:1)
  14 salamanders
  20 elephants
  18 naga magi
  2 human skeletons (Vaults:3)
  Joseph (D:9)
  3 water nymphs
  An ice statue (D:14)
  31 black mambas
  8 guardian serpents
  2 torpor snails
  3 kobold blastminers
  2 gargoyles
  13 vault sentinels
  17 cane toads
  45 yaktaurs
  An unseen horror (D:12)
  2 minotaur zombies (Gauntlet)
  3 freezing wraiths
  3 rime drakes
  13 komodo dragons
  Psyche (D:12)
  9 tengu conjurers
  An efreet (D:14)
  3 hornets
  3 trolls
  6 wind drakes
  4 polar bears
  41 merfolk
  18 dream sheep
  2 glass eyes (shapeshifter)
  Grinder (D:6)
  10 snapping turtles
  A centaur simulacrum (D:15)
  40 slime creatures
  A spriggan skeleton (D:15)
  2 spriggans (Depths:2)
  A wraith (D:12)
  19 water elementals
  72 yaks
  2 dire elephant simulacra (D:14)
  4 hogs (D:13)
  8 humans (D:13)
  A fire bat (shapeshifter) (D:15)
  3 basilisks
  A wyvern (Lair:1)
  A warg (Orc:1)
  A fire elemental (Depths:1)
  A minotaur simulacrum (D:14)
  A death yak simulacrum (Lair:5)
  2 human simulacra (Vaults:3)
  A steam dragon (D:8)
  2 redbacks (Vaults:3)
  6 vampire mosquitoes
  2 acid dragons
  A harpy simulacrum (IceCv)
  39 nagas
  A hydra simulacrum (D:14)
  12 water moccasins
  2 laughing skulls (D:15)
  27 orc warriors
  4 black bears
  8 ogres
  A boggart (Vaults:1)
  An ettin simulacrum (D:14)
  3 centaurs (D:10)
  15 wolves (Lair:5)
  2 lemures (D:8)
  A kobold brigand (D:6)
  15 bullfrogs
  2 gnoll sergeants (D:12)
  2 entropy weaver simulacra (D:14)
  An ogre simulacrum (Vaults:3)
  2 scorpions
  4 small abominations (Gauntlet)
  A cane toad simulacrum (Lair:5)
  5 jellies
  8 killer bees
  3 elephant simulacra
  5 howler monkeys
  3 bombardier beetles
  3 hounds
  2 gnoll boudas
  25 orc priests
  2 sleepcaps
  Jessica (D:3)
  6 iguanas
  31 orc wizards
  Natasha (thrice) (D:2)
  2 polar bear simulacra
  18 gnolls
  4 adders
  8 ufetubi
  3 dart slugs
  61 orcs
  7 ball pythons
  3 bats (D:1)
  15 endoplasms
  3 giant cockroaches
  A goblin (D:1)
  10 hobgoblins
  7 quokkas
  5 frilled lizards
  14 kobolds
  3 rats
  2 butterflies (Lair:5)
1435 creatures vanquished.

Vanquished Creatures (collateral kills)
  A death yak (Lair:5)
  4 elephants
  A large abomination (Gauntlet)
  A cane toad (Lair:4)
  A komodo dragon (Lair:4)
  A rime drake (Lair:2)
  2 polar bears
  A wraith (D:11)
  2 small abominations (Gauntlet)
  A human (D:13)
  A vampire (D:9)
  A basilisk (Lair:1)
  A warg (Orc:2)
  9 yaks
  2 death yak simulacra (Lair:5)
  3 orc warriors
  A lemure (D:8)
  A bullfrog (Lair:4)
  3 wights (D:9)
  An orc wizard (D:11)
  2 gnolls (D:12)
  An orc (Orc:1)
  2 endoplasms (Lair:4)
43 creatures vanquished.

Vanquished Creatures (others)
  2 humans (D:13)
2 creatures vanquished.

Grand Total: 1480 creatures vanquished

Notes
Turn   | Place    | Note
-------+----------+-------------------------------------------
     0 | D:1      | Ajdolov the Mummy Ice Elementalist began the quest for the
                  | Orb.
     0 | D:1      | Reached XP level 1. HP: 13/13 MP: 4/4
   158 | D:1      | Reached XP level 2. HP: 15/19 MP: 3/6
   652 | D:1      | Found a roughly hewn altar of Beogh.
   670 | D:1      | Reached XP level 3. HP: 19/24 MP: 2/8
   681 | D:1      | Learned a level 3 spell: Frozen Ramparts
   685 | D:1      | Learned a level 3 spell: Ozocubu's Armour
   762 | D:1      | Found a faded altar of an unknown god.
  1168 | D:2      | Noticed Natasha
  1178 | D:2      | Killed Natasha
  1267 | D:2      | Reached XP level 4. HP: 30/30 MP: 8/10
  1287 | D:2      | Noticed Natasha
  1295 | D:2      | Killed Natasha
  1330 | D:2      | Noticed Natasha
  1337 | D:2      | Killed Natasha
  1491 | D:2      | Found a burning altar of Makhleb.
  1816 | D:3      | Reached XP level 5. HP: 34/35 MP: 7/12
  1917 | D:3      | Reached skill level 5 in Spellcasting
  1967 | D:3      | Noticed Jessica
  1970 | D:3      | Killed Jessica
  2214 | D:3      | Found a runed translucent door.
  2215 | D:3      | Noticed Crazy Yiuf
  2552 | D:3      | Learned a level 3 spell: Summon Ice Beast
  2757 | D:4      | Found Ohifybbe's Distillery.
  2757 | D:4      | Found Ackirin's Distillery.
  2757 | D:4      | Found Jeyzavade's Weapon Emporium.
  2848 | D:4      | Found Hun Leyp's Assorted Antiques.
  2852 | D:4      | Reached XP level 6. HP: 41/41 MP: 11/14
  2959 | D:4      | Reached skill level 5 in Ice Magic
  3362 | D:4      | Found a radiant altar of Vehumet.
  3565 | D:4      | Became a worshipper of Vehumet
  3601 | D:5      | Entered Level 5 of the Dungeon
  3696 | D:5      | Reached XP level 7. HP: 37/46 MP: 9/17
  4611 | D:5      | Reached * piety under Vehumet
  4611 | D:5      | Offered knowledge of Magic Dart by Vehumet.
  4681 | D:5      | Found a transporter.
  4686 | D:5      | Found Vire's Weapon Shoppe.
  4774 | D:5      | Found a shadowy altar of Dithmenos.
  4937 | D:5      | Found a transporter.
  5107 | D:6      | Reached XP level 8. HP: 52/52 MP: 15/20
  5366 | D:6      | Noticed Grinder
  5404 | D:6      | Paralysed by Grinder for 3 turns
  5449 | D:6      | Killed Grinder
  5628 | D:6      | You fall into a shaft and drop 2 floors!
  5666 | D:6      | Reached ** piety under Vehumet
  5666 | D:6      | Offered knowledge of Searing Ray by Vehumet.
  6355 | D:7      | Reached skill level 10 in Spellcasting
  6436 | D:7      | Found a staircase to the Ecumenical Temple.
  6463 | D:7      | Noticed an angel
  6751 | D:7      | Noticed a rust devil
  7264 | D:8      | Reached XP level 9. HP: 55/57 MP: 15/23
  7751 | D:8      | Noticed Pikel
  7774 | D:8      | Killed Pikel
  7774 | D:8      | Offered knowledge of Volatile Blastmotes by Vehumet.
  7775 | D:8      | Reached skill level 10 in Ice Magic
  7992 | D:8      | Noticed a +0 dagger
  7993 | D:8      | Noticed a +0 dagger
  7996 | D:8      | Found a hide-covered altar of Uskayaw.
  8010 | D:8      | Noticed Maurice
  8016 | D:8      | Maurice stole a staff of fire
  8017 | D:8      | Killed Maurice
  8218 | D:8      | Noticed an elephant
  8244 | D:8      | Killed an elephant
  8245 | D:8      | Reached XP level 10. HP: 63/63 MP: 16/24
  8295 | D:8      | Found a staircase to the Lair.
  8300 | D:8      | Reached *** piety under Vehumet
  8468 | D:9      | Noticed a two-headed ogre
  8991 | D:9      | Found Oceebbe's General Store.
  8994 | D:9      | Noticed Joseph
  9243 | D:9      | Found Effo's Distillery.
  9459 | D:9      | Found a staircase to the Orcish Mines.
  9548 | D:10     | Entered Level 10 of the Dungeon
  9979 | D:10     | Offered knowledge of Hailstorm by Vehumet.
  9989 | D:10     | Learned a level 3 spell: Hailstorm
 10112 | D:10     | Noticed a two-headed ogre
 10120 | D:10     | Killed a two-headed ogre
 10121 | D:10     | Reached skill level 1 in Fighting
 10121 | D:10     | Reached skill level 1 in Evocations
 10320 | D:10     | Noticed Snorg
 10820 | D:11     | Reached **** piety under Vehumet
 10821 | D:11     | Reached XP level 11. HP: 56/77 MP: 15/25
 11579 | D:11     | Noticed a boulder beetle
 11589 | D:11     | Killed a boulder beetle
 11590 | D:11     | Reached skill level 5 in Fighting
 12212 | Lair:1   | Entered Level 1 of the Lair of Beasts
 12588 | Lair:1   | Offered knowledge of Inner Flame by Vehumet.
 12611 | Lair:1   | Reached skill level 5 in Evocations
 13720 | Lair:1   | Reached ***** piety under Vehumet
 14103 | Lair:2   | Offered knowledge of Iskenderun's Battlesphere by Vehumet.
 14104 | Lair:2   | Reached skill level 10 in Fighting
 14162 | Lair:2   | Reached XP level 12. HP: 76/97 MP: 16/26
 14205 | Lair:2   | Reached skill level 1 in Armour
 14475 | Lair:2   | Found a gate leading to a gauntlet.
 14498 | Gauntlet | Entered a Gauntlet
 14498 | Gauntlet | Noticed a tengu warrior
 14498 | Gauntlet | Found a transporter.
 14498 | Gauntlet | Found a transporter.
 14498 | Gauntlet | Found a transporter.
 14499 | Gauntlet | Found a transporter.
 14500 | Gauntlet | Found a transporter.
 14503 | Gauntlet | Found a transporter.
 14509 | Gauntlet | Found a transporter.
 14511 | Gauntlet | Found a transporter.
 14512 | Gauntlet | Found a transporter.
 14514 | Gauntlet | Found a transporter.
 14520 | Gauntlet | Noticed a ghost crab
 14522 | Gauntlet | Found a transporter.
 14526 | Gauntlet | Found a transporter.
 14678 | Gauntlet | Killed a tengu warrior
 14766 | Gauntlet | Identified the +1 hat of Whack-A-Mole {rC- Str+4 Dex+2}
 14865 | Gauntlet | Killed a ghost crab
 14873 | Gauntlet | Identified the amulet "Woreotzima" {Regen+ Str+7}
 14913 | Gauntlet | Noticed a minotaur
 14928 | Gauntlet | Killed a minotaur
 15610 | Lair:2   | Found a staircase to the Shoals.
 15786 | Lair:3   | Found a hide-covered altar of Uskayaw.
 15807 | Lair:3   | Reached skill level 5 in Armour
 16221 | Lair:3   | Found a staircase to the Snake Pit.
 16782 | Lair:3   | Gained mutation: You are strongly in touch with the powers
                  | of death. [Mummy growth]
 16782 | Lair:3   | Reached XP level 13. HP: 100/103 MP: 20/27
 17006 | Lair:4   | Found a viscous altar of Jiyva.
 17007 | Lair:4   | Found a staircase to the Slime Pits.
 17023 | Lair:4   | Offered knowledge of Bombard by Vehumet.
 17031 | Lair:4   | Learned a level 6 spell: Bombard
 17075 | Lair:4   | Reached skill level 1 in Earth Magic
 17189 | Lair:4   | You fall into a shaft and drop 1 floor!
 17189 | Lair:5   | Entered Level 5 of the Lair of Beasts
 17301 | Lair:5   | Found a frozen archway.
 17334 | IceCv    | Entered an ice cave
 17370 | IceCv    | Found a transporter.
 17379 | IceCv    | Found a transporter.
 17743 | Lair:5   | Reached skill level 1 in Conjurations
 18237 | Lair:4   | Learned a level 2 spell: Blink
 18441 | Lair:4   | Reached skill level 5 in Earth Magic
 19215 | D:9      | Killed Joseph
 19257 | D:9      | Bought a scroll of identify for 20 gold pieces
 19355 | Orc:1    | Entered Level 1 of the Orcish Mines
 19651 | Orc:2    | Entered Level 2 of the Orcish Mines
 19708 | Orc:1    | Offered knowledge of Lee's Rapid Deconstruction by Vehumet.
 19710 | Orc:1    | Reached skill level 5 in Conjurations
 19715 | Orc:1    | Learned a level 5 spell: Lee's Rapid Deconstruction
 19961 | Orc:1    | Reached XP level 14. HP: 63/110 MP: 4/28
 20370 | Orc:2    | Found a staircase to the Elven Halls.
 20587 | Orc:2    | Found Ybes's Book Emporium.
 20591 | Orc:2    | Bought the Grimoire of Subspace and the Ground for 500 gold
                  | pieces
 20598 | Orc:2    | Learned a level 6 spell: Permafrost Eruption
 21624 | Orc:2    | Noticed an orc warlord
 21630 | Orc:2    | Killed an orc warlord
 22362 | Orc:2    | Offered knowledge of Starburst by Vehumet.
 23675 | Orc:2    | Paralysed by an orc sorcerer for 3 turns
 24087 | Orc:2    | Found Hiamin's Antique Armour Boutique.
 24088 | Orc:2    | Found Veti Ymn's Antique Weapon Shop.
 24090 | Orc:2    | Found Yskukoc's General Store.
 24090 | Orc:2    | Found Culuu's Book Boutique.
 24095 | Orc:2    | Bought a scroll of teleportation for 45 gold pieces
 24105 | Orc:2    | Bought a pair of transparent boots for 275 gold pieces
 24105 | Orc:2    | Identified the +1 pair of boots of Disappointment {rC+
                  | Str-2 Int+9 Dex-4} (You bought it in a shop on level 2 of
                  | the Orcish Mines)
 24322 | D:12     | Noticed Psyche
 24331 | D:12     | Killed Psyche
 24987 | D:12     | Reached ****** piety under Vehumet
 25468 | D:13     | Offered knowledge of Irradiate by Vehumet.
 25480 | D:12     | Learned a level 5 spell: Irradiate
 26069 | D:13     | Noticed Kirke
 26078 | D:13     | Killed Kirke
 26079 | D:13     | Reached skill level 1 in Alchemy
 26945 | D:13     | Found a gate to the Vaults.
 27156 | D:14     | Found Cibepoti's Weapon Emporium.
 27300 | D:14     | Noticed Agnes
 27307 | D:14     | Killed Agnes
 27809 | D:14     | Reached XP level 15. HP: 118/118 MP: 20/30
 29244 | Orc:2    | Bought a runed ring mail for 203 gold pieces
 29244 | Orc:2    | Bought a runed ring mail for 203 gold pieces
 29457 | D:15     | Entered Level 15 of the Dungeon
 29457 | D:15     | Found a staircase to the Depths.
 29465 | D:14     | Reached skill level 10 in Earth Magic
 29552 | D:15     | Noticed Louise
 29606 | D:15     | Found a portal to a secret trove of treasure.
 29657 | D:15     | Noticed Nessos
 29659 | D:15     | Killed Nessos
 29869 | D:15     | Killed Louise
 29869 | D:15     | Offered knowledge of Orb of Destruction by Vehumet.
 31899 | Lair:5   | Reached skill level 5 in Alchemy
 32553 | Lair:5   | Offered knowledge of Lehudib's Crystal Spear by Vehumet.
 33463 | Lair:5   | Reached XP level 16. HP: 129/132 MP: 23/33
 33464 | Lair:5   | Reached skill level 1 in Translocations
 33908 | Snake:1  | Entered Level 1 of the Snake Pit
 34598 | Snake:1  | Found Mucam's Distillery.
 35630 | Snake:2  | Reached skill level 15 in Ice Magic
 35976 | Snake:2  | Found a transporter.
 36004 | Snake:2  | Found a transporter.
 36556 | Snake:2  | Found a transporter.
 36558 | Snake:2  | Found a transporter.
 36570 | Snake:2  | Found a transporter.
 36652 | Snake:2  | Reached skill level 15 in Fighting
 36870 | Snake:3  | Reached skill level 1 in Shields
 37237 | Snake:3  | Learned a level 8 spell: Lehudib's Crystal Spear
 37497 | Snake:3  | Noticed Vashnia
 37956 | Snake:3  | Killed Vashnia
 38751 | Snake:3  | Noticed Jorgrun
 38754 | Snake:3  | Killed Jorgrun
 38754 | Snake:3  | Offered knowledge of Fire Storm by Vehumet.
 38754 | Snake:3  | Offered knowledge of Ignition by Vehumet.
 38754 | Snake:3  | Offered knowledge of Maxwell's Capacitive Coupling by
                  | Vehumet.
 38848 | Snake:3  | Identified a scroll of acquirement
 38850 | Snake:3  | Acquired a manual of Armour
 39496 | Shoals:1 | Entered Level 1 of the Shoals
 39619 | Lair:2   | Reached XP level 17. HP: 61/142 MP: 24/35
 40065 | Shoals:1 | Identified the +4 scale mail "Qur Cog" {rF++ Str+6}
 42154 | Shoals:3 | Found Ketyfant's Magic Scroll Boutique.
 42175 | Shoals:3 | Noticed Ilsuiw
 42178 | Shoals:3 | Killed Ilsuiw
 42334 | Shoals:3 | Reached skill level 15 in Spellcasting
 42607 | Shoals:2 | Reached skill level 5 in Shields
 42732 | Shoals:3 | Bought a scroll of torment for 133 gold pieces
 42732 | Shoals:3 | Bought a scroll of teleportation for 42 gold pieces
 42860 | Shoals:3 | Identified the +4 flail of the Mashing Mosquito {pain,
                  | Dex+4}
 43902 | Snake:4  | Entered Level 4 of the Snake Pit
 43996 | Snake:4  | Reached skill level 10 in Armour
 44260 | Snake:4  | Found Moczifek's Jewellery Emporium.
 44261 | Snake:4  | Found Imigub's Book Shop.
 44262 | Snake:4  | Found Zuapt's Jewellery Emporium.
 44282 | Snake:4  | Bought the Unrestrained Analects for 880 gold pieces
 44291 | Snake:4  | Learned a level 7 spell: Ozocubu's Refrigeration
 44936 | Shoals:4 | Entered Level 4 of the Shoals
 45733 | Shoals:4 | Reached XP level 18. HP: 149/149 MP: 13/37
 46419 | Shoals:4 | Got a barnacled rune of Zot
 47991 | Snake:4  | Got a serpentine rune of Zot
 48433 | Vaults:1 | Entered Level 1 of the Vaults
 48496 | Vaults:1 | Noticed Saint Roka
 48510 | D:13     | Killed Saint Roka
 49302 | Vaults:1 | Reached skill level 10 in Evocations
 50078 | Vaults:1 | Reached XP level 19. HP: 61/159 MP: 8/38
 52548 | Vaults:1 | Found Nitinyaf's Jewellery Shoppe.
 53813 | Vaults:2 | Found a radiant altar of Vehumet.
 53822 | Vaults:2 | Identified the +0 hat of Orocie {Str+3 Slay-6}
 53826 | Vaults:2 | Identified the +0 robe of the Fresh God {Dex+4}
 56390 | Vaults:3 | Reached XP level 20. HP: 170/170 MP: 29/39
 57871 | Vaults:3 | Found a staircase to the Crypt.
 58417 | Vaults:3 | Reached skill level 15 in Armour
 58449 | Vaults:3 | Identified the +6 scimitar of Doubt {holy, rElec rCorr MP+9
                  | Str+2}
 58673 | Vaults:3 | Noticed a dread lich
 58839 | Vaults:3 | Killed a dread lich
 58918 | Vaults:3 | Got the Omnibus of Tectonic Pyromania
 58928 | Vaults:3 | Got Muxtauwn's Essays on Nival Electrocution
 58929 | Vaults:3 | Identified the ring of Xeileef {rN+ Will++ Int-4 Dex+3
                  | SInv}
 62085 | Vaults:4 | Found a runed translucent gate.
 62085 | Vaults:4 | Found a runed translucent gate.
 62086 | Vaults:4 | Found a runed translucent gate.
 62614 | Depths:1 | Entered Level 1 of the Depths
 62911 | Depths:1 | Reached XP level 21. HP: 61/177 MP: 31/42
 64007 | Depths:1 | Found a gateway to Hell.
 64227 | Depths:1 | Found a one-way gate to the infinite horrors of the Abyss.
 64737 | Depths:1 | Found a one-way gateway to a ziggurat.
 64737 | Depths:1 | Noticed an ancient lich
 64811 | Depths:1 | Killed an ancient lich
 65975 | Depths:2 | Killed from afar by a hellion

Illustrated notes

Levels and vault maps discovered:
D:1:      mainiacjoe_arrival_reflecting_pool, layout_basic,
          hellmonk_ecumenical_altar_defaced_shrine
D:2:      layout_rooms, basic_altar, uniq_natasha
D:3:      layout_basic, minmay_crystal_room, uniq_jessica,
          uniq_crazy_yiuf_cottage
D:4:      layout_rooms, mainiacjoe_overflow_chevrons,
          nicolae_shop_distant_corner_stores, nicolae_stop_n_shop_2,
          corexii_shack
D:5:      layout_loops_corners, nicolae_dithmenos_the_darkroom, serial_shops,
          nicolae_shop_drivethru
D:6:      layout_loops_ring, uniq_grinder
D:7:      layout_loops_ring, temple_garden, minmay_misc_feat_rows,
          hangedman_glass_teeth, kennysheep_nondescript, roderic_lattice_a
D:8:      layout_loops_ring, dancing_weapons_uskayaw,
          grunt_lair_entry_orc_guard_hut, uniq_pikel, uniq_maurice
D:9:      nicolae_cairo_tiling, layout_small_grid, serial_shops,
          nicolae_shop_back_alley_shop, shop, enter_bailey_2, uniq_joseph
D:10:     layout_basic, uniq_snorg
D:11:     layout_layer_cave
D:12:     layout_cave_pools, hangedman_decor_slide_cut, uniq_psyche
D:13:     layout_basic, ximxim_vaults_locker_room, uniq_kirke
D:14:     dreamdust_isle_of_ice, layout_irregular_city, serial_shops, shop,
          uniq_agnes
D:15:     gammafunk_depths_entry_grave, layout_irregular_city, enter_trove_0,
          serial_park_fountain, uniq_louise, uniq_nessos
Lair:1:   layout_cellular_growth, grunt_megastairs_1, lemuel_fruit_fields
Lair:2:   layout_chaotic_city, minmay_shoals_entry_hut,
          nicolae_volcano_entry_hallway, gauntlet_entry_generic,
          cheibrodos_lair_lostbears, serial_bayou_shore_b
Lair:3:   layout_roguey, guppyfry_snake_entry_garden, basic_altar,
          beast_lair_carwin_6, lemuel_fruit_tree
Lair:4:   layout_loops_ring, nicolae_slime_entry_slimehenge
Lair:5:   grunt_lair_end_beastmaster, layout_cave_pods,
          portal_ice_cave_entry_ice_simulacra, grunt_megastairs_5,
          lemuel_fruit_fields
Shoals:1: layout_shoals, nicolae_shoals_dead_sea_scrolls
Shoals:2: layout_shoals
Shoals:3: layout_shoals, serial_shops, shop, uniq_ilsuiw
Shoals:4: shoals_end_simple, layout_shoals
Snake:1:  layout_gridlike, serial_shops, nicolae_shop_tiny_glass,
          nicolae_integral_box
Snake:2:  gammafunk_the_bubble [the_bubble_gammafunk_roulette],
          layout_grid_shapes
Snake:3:  layout_chambers, nicolae_elevator_lobby_plus, uniq_jorgrun,
          uniq_vashnia
Snake:4:  johnstein_snake_rune_scales, layout_misc_corridors, drop_trap,
          minmay_shop_grove
Orc:1:    layout_diamond_mine
Orc:2:    st_orc_congregation, layout_diamond_mine, serial_shops,
          nicolae_shop_back_alley_shop
Vaults:1: nicolae_vaults_closet_pinwheel_5, vaults_standard_mumra_x, v_misc_2,
          nicolae_vaults_house_2, hangedman_vaults_river_flow, st_star,
          serial_library_regret_index_small_wings, nicolae_vaults_double_plus_2,
          nicolae_vaults_little_squares_2, ontoclasm_vaults_eye,
          dpeg_vaults_monster_row, nicolae_vaults_house_3,
          layout_vaults_chaotic_city, serial_shops,
          nicolae_shop_real_fake_doors, uniq_saint_roka
Vaults:2: vaults_dpeg_encased_lava, nicolae_vaults_network_periphery,
          nicolae_vaults_offset_grid_hallway_4, nicolae_vaults_asterisk,
          nicolae_vaults_storage_closets_3, grunt_tower_of_power,
          dpeg_vaults_monster_box, nicolae_vaults_windows_and_doors_thing,
          nicolae_vaults_little_squares_5, nicolae_vaults_ring_of_whatevers,
          layout_vaults_ring
Vaults:3: nicolae_vaults_closet_pinwheel_6, nicolae_vaults_trapezoid_1,
          nicolae_vaults_you_can_take_it_with_you, grunt_vaults_twisty,
          nicolae_vaults_tetromino_T_2, v_misc_16, nicolae_vaults_alarming,
          nicolae_vaults_circle_grid_a, nicolae_vaults_cornered_office,
          hangedman_vaults_hat, minmay_crypt_entry_nasty_monster,
          grunt_vaults_hallway_short, nicolae_vaults_trapezoid_3,
          nicolae_vaults_sealed_display, nicolae_vaults_house_1,
          nicolae_vaults_circle_grid_b, v_misc_25,
          nicolae_vaults_little_squares_1, layout_vaults_maze
Vaults:4: hangedman_vaults_slither, hangedman_vaults_impose,
          hangedman_vaults_corner_blocks, nicolae_vaults_cornered_office,
          ontoclasm_vaults_twist, vaults_standard_mumra_lines,
          vaults_mumra_hexcomb, nicolae_vaults_heist, ontoclasm_vaults_gateway,
          vaults_mumra_chevron_long, abrahamwl_protected_by_tso_3, v_pattern_4,
          grunt_vaults_focal, v_misc_15, vaults_room_semicircle,
          layout_vaults_omnibox
Depths:1: layout_basic, enter_ziggurat_c, hellmouth_3,
          hangedman_abyss_entry_splay, nrook_pool_corridor,
          chequers_serial_rivers_room_a, minmay_fountain_box,
          kennysheep_doodads, chequers_serial_rivers_small_a, elyvilon_altar_5,
          firewood_loft
Depths:2: minmay_containers, layout_cave_pools, rand_demon_pan_entry_1,
          serial_column_ruins, column_ruins_open_medium, column_ruins_grid_3,
          column_ruins_columns_straight, column_ruins_corridor_dead_end,
          column_ruins_open_small_water, column_ruins_open_small, serial_shops,
          shop, grunt_hell_entry_dis_old, infiniplex_staircase_squiggle,
          uniq_josephina

Skill      XL: |  1  2  3  4  5  6  7  8  9 10 11 12 13 14 15 16 17 18 19 20 21 |
---------------+----------------------------------------------------------------+-----
Spellcasting   | 3 4 5 6 8 10 11 13 14 15 17 18 | 18.0
Ice Magic      | 4 5 6 8 10 12 13 14 15 | 15.0
Fighting       | 4 10 11 13 15 16 17 18 | 18.0
Evocations     | 3 5 8 10 11 13 14 | 14.1
Armour         | 5 6 11 13 14 15 | 15.0
Earth Magic    | 6 9 10 | 10.0
Conjurations   | 5 |  5.0
Alchemy        | 2 5 |  5.0
Translocations | 3 |  3.0
Shields        | 3 5 7 9 |  9.1
Dodging        | |  1.5
Stealth        | |  1.5

Action                     |  1- 3 |  4- 6 |  7- 9 | 10-12 | 13-15 | 16-18 | 19-21 || total
---------------------------+-------+-------+-------+-------+-------+-------+-------++-------
  Melee: Unarmed           |     2 |       |       |       |       |       |       ||     2
         Staff             |     4 |    29 |    36 |    61 |    93 |    13 |    58 ||   294
  Throw: Dart              |       |       |       |     3 |       |       |     5 ||     8
         Throwing net      |       |       |       |       |       |       |     2 ||     2
   Cast: Freeze            |    47 |    65 |    71 |   231 |   120 |       |       ||   534
         Frozen Ramparts   |       |    10 |    46 |    72 |    73 |     3 |       ||   204
         Ozocubu's Armour  |       |     6 |    27 |    54 |    60 |     1 |     1 ||   149
         Summon Ice Beast  |       |     1 |     4 |    42 |    30 |       |       ||    77
         Hailstorm         |       |       |       |    39 |    12 |       |       ||    51
         Lee's Rapid Decon |       |       |       |       |     7 |       |       ||     7
         Permafrost Erupti |       |       |       |       |   323 |   439 |   478 ||  1240
         Irradiate         |       |       |       |       |    26 |    39 |    64 ||   129
         Blink             |       |       |       |       |     1 |     1 |     2 ||     4
         Bombard           |       |       |       |       |     1 |       |       ||     1
         Ozocubu's Refrige |       |       |       |       |       |    54 |    75 ||   129
  Evoke: Wand              |       |       |     1 |    15 |     9 |       |     2 ||    27
         Lightning rod     |       |       |       |       |     5 |       |     1 ||     6
         Gell's gravitambo |       |       |       |       |       |     1 |     1 ||     2
    Use: Scroll            |       |       |       |     9 |    14 |     6 |    12 ||    41
   Stab: Sleeping          |       |     2 |     1 |       |       |       |       ||     3
         Distracted        |       |     1 |       |       |     1 |       |       ||     2
 Armour: Robe              |    19 |    47 |    71 |       |       |       |       ||   137
         Steam dragon scal |       |       |    11 |   279 |   365 |       |       ||   655
         Ring mail         |       |       |       |       |   111 |   124 |       ||   235
         Scale mail        |       |       |       |       |       |   188 |   264 ||   452
  Dodge: Dodged            |    27 |    85 |    84 |   162 |   245 |    88 |    69 ||   760
  Block: Other             |       |       |       |    49 |       |       |       ||    49
         Reflection        |       |       |       |     1 |       |       |       ||     1
         Buckler           |       |       |       |       |       |    18 |    51 ||    69

Table legend: (Time is in decaauts)
 A = Elapsed time spent in this place.
 B = Non-inter-level travel time spent in this place.
 C = Inter-level travel time spent in this place.
 D = Time resting spent in this place.
 E = Time spent auto-exploring this place.
 F = Levels seen in this place.
 G = Mean time per level.
                   A        B        C        D        E       F      G
               +--------+--------+--------+--------+--------+-----+--------+
         Total |  66545 |  61929 |   4616 |  15150 |  36731 |  38 | 1751.2 |
       Dungeon |  21706 |  19844 |   1862 |   2881 |  14117 |  15 | 1447.1 |
          Lair |   8818 |   8085 |    733 |   1058 |   5142 |   5 | 1763.6 |
        Shoals |   6988 |   6421 |    567 |   2064 |   3480 |   4 | 1747.0 |
     Snake Pit |   7207 |   6664 |    543 |   2564 |   3343 |   4 | 1801.8 |
  Orcish Mines |   4913 |   4746 |    167 |   2486 |   1463 |   2 | 2456.5 |
        Vaults |  13254 |  12534 |    720 |   3439 |   7256 |   4 | 3313.5 |
        Depths |   2885 |   2864 |     21 |    487 |   1921 |   2 | 1442.5 |
      Ice Cave |     64 |     64 |      0 |     20 |      0 |   1 |   64.0 |
      Gauntlet |    706 |    706 |      0 |    151 |      7 |   1 |  706.0 |
               +--------+--------+--------+--------+--------+-----+--------+

Top non-repeatable levels by time:
Vaults:1: 4002 daAuts
Vaults:2: 3325 daAuts
Vaults:4: 3117 daAuts
    D:14: 2888 daAuts
Vaults:3: 2807 daAuts
   Orc:2: 2750 daAuts
Depths:1: 2386 daAuts
  Lair:5: 2334 daAuts
    D:13: 2269 daAuts
 Snake:3: 2199 daAuts
   Orc:1: 2162 daAuts
Shoals:4: 2102 daAuts
 Snake:1: 1932 daAuts
    D:15: 1930 daAuts
 Snake:2: 1881 daAuts
